 Dungeon Crawl Stone Soup version 0.26.1-10-gdfb7c7de75 (webtiles) character file.

Game seed: 1344545634215113452

15854 H0rd4k the Carver (level 12, -8/92 HPs)
             Began as a Human Artificer on Apr 12, 2021.
             Was an Initiate of Gozag.
             Mangled by a cane toad (14 damage)
             ... on level 2 of the Lair of Beasts.
             The game lasted 00:47:13 (20081 turns).

H0rd4k the Carver (Human Artificer)                Turns: 20081, Time: 00:47:14

Health: -8/92      AC: 11    Str: 15    XL:     12   Next: 62%
Magic:  0/12       EV: 13    Int: 13    God:    Gozag
Gold:   444        SH:  0    Dex: 15    Spells: 11/11 levels left

rFire    + + .     SeeInvis +   t - +7 battleaxe of Wondrous Power {spect, rPois rF+}
rCold    . . .     Faith    .   (shield currently unavailable)
rNeg     . . .     Spirit   +   A - +1 chain mail {rF+}
rPois    +         Reflect  .   N - +0 mask of the Dragon {Will+ Slay+3 SInv}
rElec    .         Harm     .   d - scarf {repulsion}
rCorr    .         Rampage  .   (no gloves)
Will     ++...                  (no boots)
Stlth    ..........             K - amulet of guardian spirit
HPRegen  0.25/turn              j - +4 ring of evasion
MPRegen  0.13/turn              w - ring of willpower

@: repel missiles
A: no striking features
a: Renounce Religion, Potion Petition, Call Merchant, Bribe Branch


You were on level 2 of the Lair of Beasts.
You worshipped Gozag.
Gozag was aware of your devotion.
You visited 3 branches of the dungeon, and saw 14 of its levels.
You also visited: Ice Cave.

You collected 3067 gold pieces.
You spent 2513 gold pieces at shops.
You paid 110 gold pieces to Gozag.

Inventory:

Hand Weapons
 b - a +2 war axe of flaming
 n - the +8 glaive of Qarafup {vorpal, rN+ SInv}
   (You bought it in a shop on level 6 of the Dungeon)

   It inflicts extra damage upon your enemies.
   It protects you from negative energy.
   It lets you see invisible.
 t - the +7 battleaxe of Wondrous Power (weapon) {spect, rPois rF+}
   (You bought it in a shop on level 6 of the Dungeon)

   It retains the spirit of the tree from which it was made.
   In the hands of one skilled in evocations this spirit is drawn out to fight
   along side the wielder.
   It protects you from fire.
   It protects you from poison.
 v - a +2 dagger of flaming
 C - a +2 great sword
 H - a +5 long sword of freezing
Missiles
 x - 54 poisoned darts
Armour
 d - a scarf of repulsion (worn)
 o - a scarf of invisibility
 p - the +3 hat of Pondering {ponderous, Will+ MP+10 Int+5}
   (You found it in an ice cave)

   It affects your intelligence (+5).
   It affects your willpower, your defense against some magical effects.
   It affects your magic capacity (+10).
 A - a +1 chain mail of fire resistance (worn)
 N - the +0 mask of the Dragon (worn) {Will+ Slay+3 SInv}
   (You bought it in a shop on level 5 of the Dungeon)

   It affects your accuracy and damage with ranged weapons and melee attacks
   (+3).
   It affects your willpower, your defense against some magical effects.
   It lets you see invisible.
Jewellery
 j - a +4 ring of evasion (left hand)
 q - an uncursed ring of resist corrosion
 w - a ring of willpower (right hand)
 K - an amulet of guardian spirit (around neck)
Wands
 c - a wand of flame (32) (quivered)
 e - a wand of random effects (20)
 g - a wand of polymorph (19)
Scrolls
 f - 2 scrolls of amnesia
 h - 14 scrolls of remove curse
 k - a scroll of silence
 m - a scroll of acquirement
 y - 3 scrolls of identify
Potions
 i - 4 potions of magic
 l - 3 potions of curing
 r - a potion of cancellation
 s - a potion of mutation
 u - 2 potions of might
 D - 4 potions of flight


   Skills:
 + Level 7.8 Fighting
 + Level 1.3(7.1) Short Blades
 + Level 10.9 Long Blades
 + Level 8.1 Axes
 + Level 5.8 Armour
 + Level 6.2 Dodging
 + Level 6.7 Stealth
 + Level 6.9 Evocations


You had 11 spell levels left.
You didn't know any spells.
Your spell library contained the following spells:

 Spells                   Type           Power        Failure   Level
 Corona                   Hex            0%           99%         1
 Ensorcelled Hibernation  Hex/Ice        0%           100%        2
 Confusing Touch          Hex            0%           100%        3
 Dazzling Flash           Conj/Hex       0%           100%        3
 Tukima's Dance           Hex            0%           100%        3


Dungeon Overview and Level Annotations

Branches:
Dungeon (10/15)            Temple (1/1) D:5            Lair (3/6) D:8
  IceCv (visited)
  Swamp: Lair:2-4    Shoals: Lair:2-4     Snake: Lair:2-4    Spider: Lair:2-4
    Orc: D:9-12

Altars:
Ashenzari
Cheibriados
Dithmenos
Elyvilon
Fedhas
Gozag
Hepliaklqana
Kikubaaqudgha
Makhleb
Nemelex Xobeh
Okawaru
Qazlal
Ru
Sif Muna
Trog
Uskayaw
Vehumet
Wu Jian
Xom
Yredelemnul
Zin
The Shining One

Shops:
D:5 [?!?[   D:6 ([(:   D:9 :

Annotations:
D:2 1 exclusion
D:4 3 runed translucent doors, exclusion: door, Descartes's ghost, novice DEWz
D:7 exclusion: downstairs
D:9 exclusion: downstairs
D:10 Fannar
Lair:1 2 transporters, exclusions: downstairs and oklob plant, CrazyMind's ghost, journeyman GnNe
Lair:2 1 runed translucent door, exclusion: upstairs, CrazyMind's ghost, journeyman GnNe; Urug
Lair:3 exclusion: upstairs, Snorg


Message History

You open the door.
A cane toad comes into view.
The cane toad gives a loud, deep croak!
The cane toad barely misses you.
The cane toad stings you but does no damage.
Found 20 arrows.
There is an open door here.
The cane toad stings you.
* * * LOW HITPOINT WARNING * * *
The cane toad stings you!!
* * * LOW HITPOINT WARNING * * *
Found a ring mail.
You feel better. The cane toad barely misses you.
You hit the cane toad.
You draw out your weapon's spirit!
The cane toad is lightly wounded.
The cane toad stings you!
* * * LOW HITPOINT WARNING * * *
The cane toad stings you!
You die...
Your body crumbles into a pile of gold.

♣P♣ ........###
PPP♣♣.........#
.[.♣..........
........... ♣....o...
♣....#.# ##
♣♣♣...#.+####.##
♣♣.P..(@#.......#
♣♣♣....§.#F.o.....##
......§§§..#........#...
......#§§§§#.(..........
......§.§.##+###'#.##..
##.#.#P....#.###.##....
..............o.........
........................
#P#####.##.#######.#.##


You could see Urug (invisible, slow), a cane toad and a friendly +7 battleaxe of
Wondrous Power {spect, rPois rF+} (summoned).

Vanquished Creatures
  Gastronok (Lair:3)
  Erolcha (D:10)
  A hydra (D:8)
  A necromancer (IceCv)
  Maurice (D:8)
  3 ice statues (IceCv)
  6 cane toads
  Eustachio (D:4)
  4 ice devils (IceCv)
  A troll (D:9)
  A polar bear (Lair:1)
  Sigmund (D:6)
  18 yaks
  3 wyverns
  5 water moccasins
  A sky beast (D:7)
  An orc warrior (D:8)
  3 ice beasts
  5 wolves
  2 black bears
  5 ogres
  2 phantoms (D:7)
  A centaur (D:5)
  13 bullfrogs
  3 scorpions
  9 wights
  An electric eel (Lair:3)
  A crimson imp (D:6)
  A bullfrog zombie (D:8)
  3 hounds
  3 draconian simulacra (IceCv)
  A bullfrog skeleton (D:5)
  An orc priest (D:3)
  2 centaur skeletons
  2 orc wizards (D:4)
  A spriggan simulacrum (IceCv)
  4 troll simulacra (IceCv)
  2 worker ants
  A hound skeleton (D:3)
  A hound zombie (D:5)
  An ogre simulacrum (IceCv)
  A naga simulacrum (IceCv)
  9 adders
  4 gnolls (D:8)
  14 white imps
  4 ufetubi
  2 oozes
  3 worms
  4 dart slugs
  3 leopard geckos
  17 orcs
  5 giant cockroaches
  6 goblins
  6 hobgoblins
  4 jackals
  5 quokkas
  2 ball pythons
  3 bats
  4 frilled lizards
  2 jackal skeletons
  6 kobolds
  2 leopard gecko skeletons
  2 quokka skeletons (D:4)
  21 rats
247 creatures vanquished.

Vanquished Creatures (collateral kills)
  Dowan (D:7)
  A wight (D:6)
  A centaur zombie (D:8)
  An orc priest (D:3)
  An adder (D:6)
  8 orcs
13 creatures vanquished.

Vanquished Creatures (others)
  Duvessa (D:7)
  An orc warrior (D:6)
  2 ogres
  2 scorpions
  A wight (D:6)
  A worker ant (D:6)
  3 orcs
  26 fungi
  59 plants
  3 withered plants (D:2)
99 creatures vanquished.

Grand Total: 359 creatures vanquished

Notes
Turn   | Place    | Note
-------+----------+-------------------------------------------
     0 | D:1      | H0rd4k the Human Artificer began the quest for the Orb.
     0 | D:1      | Reached XP level 1. HP: 15/15 MP: 1/1
   382 | D:1      | Reached XP level 2. HP: 13/21 MP: 2/2
  1194 | D:1      | Reached XP level 3. HP: 26/26 MP: 3/3
  1829 | D:2      | Reached skill level 1 in Short Blades
  2010 | D:2      | Reached XP level 4. HP: 27/32 MP: 4/4
  2100 | D:2      | Found a sacrificial altar of Ru.
  2334 | D:2      | Found a basalt altar of Yredelemnul.
  2429 | D:2      | Found a shimmering blue altar of Sif Muna.
  2429 | D:2      | Found a glowing golden altar of the Shining One.
  2875 | D:2      | Noticed a moth of wrath
  2878 | D:2      | Found a bloodstained altar of Trog.
  3115 | D:3      | Reached skill level 1 in Long Blades
  3276 | D:3      | Reached XP level 5. HP: 30/38 MP: 5/5
  4252 | D:3      | Reached skill level 2 in Long Blades
  4871 | D:3      | Reached XP level 6. HP: 44/44 MP: 6/6
  5337 | D:3      | Found a blossoming altar of Fedhas.
  5573 | D:4      | Found a white marble altar of Elyvilon.
  5574 | D:4      | Reached skill level 3 in Long Blades
  5734 | D:4      | Found a runed translucent gate.
  5734 | D:4      | Found a runed translucent gate.
  5734 | D:4      | Found a runed translucent gate.
  5735 | D:4      | Noticed Descartes's ghost (novice DEWz)
  5838 | D:4      | Found a shadowy altar of Dithmenos.
  5911 | D:4      | Noticed an ogre
  5944 | D:4      | Noticed Eustachio
  6386 | D:4      | Noticed an ogre
  6390 | D:4      | Killed an ogre
  6391 | D:4      | Reached XP level 7. HP: 51/51 MP: 7/7
  6731 | D:4      | Killed Eustachio
  6732 | D:4      | Reached skill level 4 in Long Blades
  6867 | D:3      | Found a stormy altar of Qazlal.
  6884 | D:5      | Entered Level 5 of the Dungeon
  6908 | D:5      | Found a staircase to the Ecumenical Temple.
  7100 | Temple   | Entered the Ecumenical Temple
  7352 | D:5      | Reached XP level 8. HP: 58/58 MP: 8/8
  7476 | D:5      | Found Wenefrac's Antique Armour Shoppe.
  7518 | D:5      | Found Loteasch's Magic Scroll Shop.
  7548 | D:5      | Found an opulent altar of Gozag.
  7556 | D:5      | Became a worshipper of Gozag Ym Sagoz the Greedy
  7650 | D:5      | Found Vism's Distillery.
  7686 | D:5      | Found Eclaphuo's Magic Scroll Shop.
  7704 | D:5      | Reached skill level 5 in Long Blades
  7837 | D:5      | Found Qior Era's Armour Shop.
  9123 | D:6      | Found Izasasio's Antique Armour Boutique.
  9128 | D:6      | Found Ecwepanil's Weapon Boutique.
  9129 | D:6      | Found Rekyphiv's Antique Weapon Boutique.
  9132 | D:6      | Found Wafushuruin's Book Boutique.
  9145 | D:6      | Reached skill level 6 in Long Blades
  9207 | D:6      | Noticed Sigmund
  9315 | D:6      | Killed Sigmund
  9316 | D:6      | Reached XP level 9. HP: 33/65 MP: 9/9
  9719 | D:6      | Found a white marble altar of Elyvilon.
  9722 | D:6      | Found a basalt altar of Yredelemnul.
  9722 | D:6      | Found a glowing golden altar of the Shining One.
  9724 | D:6      | Found a shimmering altar of Xom.
  9724 | D:6      | Found a sacrificial altar of Ru.
  9724 | D:6      | Found a bloodstained altar of Trog.
 10206 | D:7      | Found a hide-covered altar of Uskayaw.
 10233 | D:7      | Found a broken altar of Ashenzari.
 10237 | D:7      | Reached skill level 7 in Long Blades
 10571 | D:7      | Reached skill level 5 in Evocations
 10710 | D:7      | Noticed Dowan
 10713 | D:7      | Noticed Duvessa
 10733 | D:7      | Killed Dowan
 10753 | D:7      | Your ally died
 11297 | D:8      | Noticed Maurice
 11607 | D:8      | Reached skill level 8 in Long Blades
 11809 | D:5      | Bought a scroll of acquirement for 624 gold pieces
 11809 | D:5      | Acquired 984 gold pieces
 11878 | D:5      | Bought a glowing scarf for 200 gold pieces
 11878 | D:5      | Bought the +0 mask of the Dragon {Will+ Slay+3 SInv} for
                  | 835 gold pieces
 11878 | D:5      | Found the +0 mask of the Dragon {Will+ Slay+3 SInv}
 11878 | D:5      | Bought an embroidered hat for 175 gold pieces
 12091 | D:8      | Found a snail-covered altar of Cheibriados.
 12144 | D:8      | Killed Maurice
 12145 | D:8      | Reached skill level 5 in Fighting
 12145 | D:8      | Reached XP level 10. HP: 74/74 MP: 10/10
 12400 | D:8      | Reached skill level 5 in Stealth
 12402 | D:8      | Found a staircase to the Lair.
 12838 | D:9      | Found Iteipait's Book Shoppe.
 13165 | D:9      | Reached skill level 9 in Long Blades
 13655 | D:9      | Reached skill level 5 in Armour
 13672 | D:9      | Reached skill level 5 in Dodging
 13672 | D:9      | Reached XP level 11. HP: 71/81 MP: 9/11
 13900 | D:10     | Entered Level 10 of the Dungeon
 13901 | D:10     | Noticed Erolcha
 13908 | D:10     | Killed Erolcha
 13909 | D:10     | Reached skill level 10 in Long Blades
 13947 | D:10     | Noticed Fannar
 14252 | D:6      | Bought a smoking glaive for 230 gold pieces
 14252 | D:6      | Bought a slimy battleaxe for 230 gold pieces
 14254 | D:6      | Identified the +7 battleaxe of Wondrous Power {spect, rPois
                  | rF+} (You bought it in a shop on level 6 of the Dungeon)
 14255 | D:6      | Identified the +8 glaive of Qarafup {vorpal, rN+ SInv} (You
                  | bought it in a shop on level 6 of the Dungeon)
 14380 | Lair:1   | Entered Level 1 of the Lair of Beasts
 14380 | Lair:1   | Noticed a four-headed hydra
 14403 | D:8      | Killed a four-headed hydra
 14494 | Lair:1   | Noticed an oklob plant
 14740 | Lair:1   | Reached skill level 1 in Axes
 15151 | Lair:1   | You fall into a shaft and drop 1 floor!
 15152 | Lair:2   | Noticed Urug
 15246 | Lair:1   | Found a transporter.
 15289 | Lair:1   | Found a transporter.
 15291 | Lair:1   | Noticed CrazyMind's ghost (journeyman GnNe)
 15327 | Lair:1   | Noticed a five-headed hydra
 15802 | Lair:2   | Found a runed translucent door.
 15802 | Lair:2   | Noticed CrazyMind's ghost (journeyman GnNe)
 16053 | Lair:3   | Noticed Snorg
 16348 | Lair:3   | Found a frozen archway.
 16371 | Lair:3   | Reached XP level 12. HP: 34/91 MP: 3/12
 16383 | IceCv    | Entered an ice cave
 16637 | IceCv    | Reached skill level 5 in Axes
 18088 | IceCv    | HP: 4/88 [ice devil (17)]
 18093 | IceCv    | HP: 1/88 [ice devil (19)]
 18105 | IceCv    | HP: 2/88 [ice devil (2)]
 18643 | IceCv    | Found the +3 hat of Pondering {ponderous, Will+ MP+10
                  | Int+5}
 18756 | Lair:3   | Noticed a four-headed hydra
 19289 | D:6      | Bought a +2 war axe of flaming for 219 gold pieces
 19785 | Lair:3   | Noticed Gastronok
 19826 | Lair:3   | Killed Gastronok
 20008 | Lair:3   | HP: 4/92 [five-headed hydra (4)]
 20081 | Lair:2   | Mangled by a cane toad

Illustrated notes

Levels and vault maps discovered:
D:1:      elethiomel_arrival_shortcut, layout_basic,
          hangedman_abyss_or_decor_lesser_grid, minmay_rat_gold_closets
D:2:      layout_basic, hangedman_ru_absence, tgw_trog,
          chequers_temple_overflow_statue_of_worship, yredelemnul_altar_generic
D:3:      layout_loops_corners, nicolae_overflow_hidden_temple,
          general_overflow_altar
D:4:      layout_loops_ring, elyvilon_altar_3, gammafunk_ghost_split,
          minmay_stone_trees_medium, nicolae_dithmenos_shadow_blocks,
          uniq_eustachio
D:5:      minmay_chambers_of_fours, layout_loops_corners, grunt_gozag_statues,
          minmay_temple_entry_grid, serial_shops, shop_coins,
          nicolae_shop_statue_plus, nicolae_shop_stone,
          nicolae_shop_statue_plus, kennysheep_little_box
D:6:      layout_gridville, doesnt_xom_only_xom, minmay_misc_feat_square,
          minmay_shop_grid_forest, minmay_fire_ice_demons, uniq_sigmund
D:7:      layout_basic, old_standard_altar, kennysheep_mini_moat,
          grunt_ministairs_13, uniq_duvessa
D:8:      layout_basic, nicolae_overflow_crystal_walls,
          grunt_lair_entry_orc_guard_hut, uniq_maurice
D:9:      layout_cave_pools, serial_shops, shop, serial_column_ruins,
          column_ruins_circle_large, column_ruins_open_small,
          column_ruins_open_tiny, column_ruins_columns_corner,
          column_ruins_corridor_plus, column_ruins_columns_T,
          column_ruins_open_small_water, column_ruins_columns_straight,
          hex_tiny, solitary_fountain
D:10:     layout_loops_ring, uniq_psyche, uniq_erolcha, uniq_fannar,
          uniq_harold, uniq_josephine, uniq_joseph
Temple:   dpeg_chambers_temple
Lair:1:   layout_regular_city, gammafunk_ghost_hive, grunt_megastairs_4,
          minmay_lair_oklob_chamber, lemuel_fruit_tree
Lair:2:   layout_regular_city, minmay_shoals_entry_lonely_mermaid,
          serial_forest, infiniplex_forest_end_3, infiniplex_forest_clump_tiny,
          infiniplex_forest_lined_room_2, infiniplex_forest_straight_1,
          infiniplex_forest_lined_corner, infiniplex_forest_lined_2,
          infiniplex_forest_side_room, infiniplex_forest_corner_1,
          hellmonk_ghost_happy_afterlife, infiniplex_staircase_pool_2,
          uniq_sonja, uniq_urug
Lair:3:   layout_roguey, portal_ice_cave_entry_imps, st_stairs_6,
          serial_bayou_lagoon_b, uniq_gastronok, uniq_snorg, uniq_rupert

Skill      XL: |  1  2  3  4  5  6  7  8  9 10 11 12 |
---------------+-------------------------------------+-----
Short Blades   | 1 |  1.3
Long Blades    | 1 2 3 4 6 8 9 10 | 10.9
Fighting       | 2 3 4 5 7 |  7.8
Dodging        | 2 3 4 5 6 |  6.2
Stealth        | 2 3 4 6 |  6.7
Armour         | 3 4 5 |  5.8
Evocations     | 4 5 6 |  6.9
Axes           | 4 8 |  8.1

Action                   |  1- 3 |  4- 6 |  7- 9 | 10-12 || total
-------------------------+-------+-------+-------+-------++-------
Melee: Club              |    35 |       |       |       ||    35
       Dagger            |    63 |       |       |       ||    63
       Long sword        |    37 |   173 |   206 |   103 ||   519
       Great sword       |       |       |    15 |       ||    15
       Battleaxe         |       |       |       |   199 ||   199
 Abil: Evoke Invisibilit |       |       |       |     1 ||     1
Evoke: Wand              |       |    17 |    41 |    28 ||    86
  Use: Scroll            |       |       |    20 |     9 ||    29
       Potion            |       |       |     1 |     8 ||     9
 Stab: Sleeping          |     4 |     2 |     4 |     5 ||    15
       Paralysed         |       |       |    12 |       ||    12
       Betrayed ally     |       |       |     1 |       ||     1
       Distracted        |       |       |     1 |     3 ||     4
Armor: Leather armour    |    39 |    39 |    29 |    27 ||   134
       Chain mail        |       |       |       |    14 ||    14
Dodge: Dodged            |    91 |   146 |   186 |   291 ||   714
       Repelled          |       |       |       |     6 ||     6
       Rpst.: Long sword |    12 |    44 |    43 |    33 ||   132
       Great sword       |       |       |     3 |       ||     3
